 Dungeon Crawl Stone Soup version 0.26.1-10-gdfb7c7de75 (webtiles) character file.

Game seed: 4928293788421940065

121634 Revguard the Demon Slayer (level 16, 0/157 HPs)
             Began as a Deep Dwarf Fighter on Apr 5, 2021.
             Was a High Priest of the Shining One.
             Slain by a jumping spider (1 damage)
             ... on level 2 of the Spider Nest.
             The game lasted 01:29:16 (21938 turns).

Revguard the Demon Slayer (Deep Dwarf Fighter)     Turns: 21938, Time: 01:29:17

Health: 0/157      AC: 24    Str: 29    XL:     16   Next: 32%
Magic:  3/8        EV:  9    Int: 11    God:    the Shining One [*****.]
Gold:   179        SH: 27    Dex: 15    Spells: 18/18 levels left

rFire    + + .     SeeInvis .   s - +4 broad axe (vorpal)
rCold    + + .     Faith    .   q - +1 tower shield {rC+}
rNeg     + + +     Spirit   .   D - +2 chain mail {rF+}
rPois    +         Reflect  +   C - +1 helmet
rElec    .         Harm     .   B - +0 cloak
rCorr    .         Rampage  .   (no gloves)
Will     ++...                  t - +0 pair of boots
Stlth    ..........             S - amulet of Kipladi {Reflect rF+ Str+3 SH+5}
HPRegen  0.00/turn              A - ring of Cioq {rC+ Str+4 Slay+2}
MPRegen  0.11/turn              X - +4 ring of protection

@: lethally poisoned (0 -> 0), non-regenerating, glowing, studying Fighting
A: damage resistance, heal wounds, molten scales 1, negative energy resistance
1, sense surroundings 2, poison resistance, MP-powered wands, no regeneration
a: Heal Wounds, Renounce Religion, Divine Shield, Cleansing Flame, Summon Divine
Warrior


You were on level 2 of the Spider Nest.
You worshipped the Shining One.
The Shining One was extremely pleased with you.
You visited 4 branches of the dungeon, and saw 25 of its levels.
You also visited: Ossuary, Ice Cave and Volcano.

You collected 3144 gold pieces.
You spent 2965 gold pieces at shops.

Inventory:

Hand Weapons
 p - a +2 eveningstar of freezing
 s - a +4 vorpal broad axe (weapon)
Armour
 q - a +1 tower shield of cold resistance (worn)
 t - a +0 pair of boots (worn)
 B - a +0 cloak (worn)
 C - a +1 helmet (worn)
 D - a +2 chain mail of fire resistance (worn)
Jewellery
 e - an uncursed ring of wizardry {unknown}
 f - an uncursed ring of flight
 k - an uncursed ring of wizardry {unknown}
 o - a +6 ring of strength
 z - an uncursed ring of protection from cold
 A - the ring of Cioq (left hand) {rC+ Str+4 Slay+2}
   (You bought it in a shop on level 2 of the Orcish Mines)

   [ring of protection from cold]

   It affects your strength (+4).
   It affects your accuracy and damage with ranged weapons and melee attacks
   (+2).
   It protects you from cold.
 H - an uncursed ring of resist corrosion
 S - the amulet of Kipladi (around neck) {Reflect rF+ Str+3 SH+5}
   (You bought it in a shop on level 2 of the Orcish Mines)

   [amulet of reflection]

   It shields you and reflects attacks.
   It affects your strength (+3).
   It protects you from fire.
   It affects your SH (+5).
 X - a +4 ring of protection (right hand)
Wands
 b - a wand of digging (5)
 x - a wand of polymorph (31)
 y - a wand of iceblast (7)
 K - a wand of flame (33)
 U - a wand of enslavement (11)
Scrolls
 a - a scroll of silence
 i - 9 scrolls of remove curse
 j - 13 scrolls of amnesia
 r - 2 scrolls of vulnerability
 v - 22 scrolls of teleportation
 w - 4 scrolls of fog
 F - 4 scrolls of immolation
 N - 3 scrolls of enchant armour
 Q - a scroll of holy word
 T - 2 scrolls of enchant weapon
 V - 3 scrolls of fear
Potions
 c - 11 potions of flight
 d - 6 potions of might
 g - a potion of cancellation
 h - 9 potions of brilliance
 l - 4 potions of lignification
 m - 3 potions of haste
 n - 6 potions of attraction
 u - 5 potions of curing
 E - 4 potions of heal wounds
 G - 2 potions of resistance
 J - 3 potions of berserk rage
 O - 3 potions of invisibility
Books
 L - a manual of Fighting
Miscellaneous
 I - a phial of floods
 M - a phantom mirror
 P - a box of beasts
 R - a tin of tremorstones (inert)


   Skills:
 * Level 13.2 Fighting
 + Level 17.0 Axes
 + Level 0.7(10.6) Maces & Flails
 + Level 9.0 Armour
 + Level 4.4 Dodging
 + Level 13.5 Shields
 - Level 1.8 Spellcasting
 * Level 17.7 Invocations
 * Level 14.3 Evocations


You had 18 spell levels left.
You didn't know any spells.
Your spell library contained the following spells:

 Spells                   Type           Power        Failure   Level
 Corona                   Hex            0%           99%         1
 Freeze                   Ice            0%           99%         1
 Magic Dart               Conj           0%           99%         1
 Sting                    Tmut/Pois      0%           99%         1
 Blink                    Tloc           N/A          100%        2
 Call Imp                 Summ           0%           100%        2
 Ensorcelled Hibernation  Hex/Ice        0%           100%        2
 Poisonous Vapours        Pois/Air       0%           100%        2
 Searing Ray              Conj           0%           100%        2
 Slow                     Hex            0%           100%        2
 Confusing Touch          Hex            0%           100%        3
 Conjure Flame            Conj/Fire      0%           100%        3
 Dazzling Flash           Conj/Hex       0%           100%        3
 Frozen Ramparts          Ice            0%           100%        3
 Gell's Gravitas          Tloc           0%           100%        3
 Ignite Poison            Fire/Tmut/Pois 0%           100%        3
 Inner Flame              Hex/Fire       0%           100%        3
 Mephitic Cloud           Conj/Pois/Air  0%           100%        3
 Ozocubu's Armour         Ice            0%           100%        3
 Portal Projectile        Hex/Tloc       0%           100%        3
 Static Discharge         Conj/Air       0%           100%        3
 Tukima's Dance           Hex            0%           100%        3
 Cause Fear               Hex            0%           100%        4
 Fulminant Prism          Conj/Hex       0%           100%        4
 Hailstorm                Conj/Ice       0%           100%        4
 Ice Form                 Ice/Tmut       0%           100%        4
 Iskenderun's Mystic Bla  Conj/Tloc      0%           100%        4
 Leda's Liquefaction      Hex/Erth       0%           100%        4
 Olgreb's Toxic Radiance  Pois           0%           100%        4
 Petrify                  Tmut/Erth      0%           100%        4
 Summon Ice Beast         Ice/Summ       0%           100%        4
 Lightning Bolt           Conj/Air       0%           100%        5
 Metabolic Englaciation   Hex/Ice        0%           100%        5
 Summon Mana Viper        Hex/Summ       0%           100%        5
 Yara's Violent Unravell  Hex/Tmut       0%           100%        5
 Freezing Cloud           Conj/Ice/Air   0%           100%        6
 Ignition                 Fire           0%           100%        8
 Shatter                  Erth           0%           100%        9
 Tornado                  Air            0%           100%        9


Dungeon Overview and Level Annotations

Branches:
Dungeon (15/15)            Temple (0/1) D:7            Lair (6/6) D:8
  Swamp (0/4) Lair:4       Spider (2/4) Lair:4        Slime (0/5) Lair:6
    Orc (2/2) D:12            Elf (0/3) Orc:2        Vaults (0/5) D:14
 Depths (0/5) D:15        Ossuary (visited)           IceCv (visited)
Volcano (visited)

Altars:
Cheibriados
Fedhas
Kikubaaqudgha
Makhleb
Nemelex Xobeh
Sif Muna
Trog
Xom
Yredelemnul
Zin
The Shining One

Shops:
D:4 *[*(:   Orc:2 *=[}(


Innate Abilities, Weirdness & Mutations

You are resistant to damage.
You can heal yourself by infusing magical energy.
You resist negative energy. (rN+)
You passively map the area around you.
You do not regenerate.
You are partially covered in molten scales. (AC +2)
Your system is resistant to poisons. (rPois)
You expend magic power (3 MP) to strengthen your wands.


Message History

* * * LOW HITPOINT WARNING * * *
The wolf spider bites you but does no damage.
The jumping spider pounces on you.
You are even more entangled.
The jumping spider bites you but does no damage.
The demonic crawler hits you but does no damage. x3
The jumping spider pounces on you but does no damage.
The jumping spider bites you but does no damage.
The demonic crawler hits you.
* * * LOW HITPOINT WARNING * * *
The demonic crawler hits you!
* * * LOW HITPOINT WARNING * * *
The demonic crawler hits you but does no damage.
The web tears apart.
You block the wolf spider's attack. x2
The jumping spider pounces on you but does no damage.
You block the jumping spider's attack. The wolf spider hits you!!
* * * LOW HITPOINT WARNING * * *
The wolf spider bites you!
* * * LOW HITPOINT WARNING * * *
The jumping spider pounces on you.
You die...

#...##.#..# ##..
#...^..#..# ##...#
###....#..##.......
, *
###....#....>...#
** *
#....#..........*
#.....#......... *
** ###.............
, #.....$s#....#.,
^ **
#......s@s...... ,
* *
#......#ss†..s..
#####.##.#...##. *
###..s...^.. ,,, *
*#.....^.. *
*......... ,
.#^.^#..≈ , , * ^ .
##≈ ≈≈#≈ , ,> * , ,


You could see 2 demonic crawlers, a wolf spider (berserk), an orb spider, 2
jumping spiders and a tarantella.

Vanquished Creatures
  Rupert (Lair:6)
  Agnes (Spider:1)
  A frost giant (IceCv)
  An orc warlord (Orc:2)
  A red draconian (Volcano)
  An ettin (Orc:2)
  4 boulder beetles
  2 vault guards (D:14)
  3 hydras
  A catoblepas (Lair:6)
  9 death yaks
  6 centaur warriors
  3 two-headed ogres
  A tengu warrior (D:15)
  A deep troll shaman (Lair:6)
  4 skeletal warriors
  3 unseen horrors
  3 bog bodies (Lair:4)
  A lindwurm (shapeshifter) (D:15)
  A deep elf mage (D:15)
  Pikel (D:6)
  2 orc knights
  4 orb spiders (Spider:1)
  4 oklob plants
  3 cyclopes
  3 wolf spiders (Spider:1)
  13 ugly things
  The ghost of ghwc the Slicer, a novice OpMo of Xom (D:5)
  2 molten gargoyles (Lair:3)
  12 elephants
  A manticore (D:14)
  2 moths of wrath
  3 black mambas
  An ice statue (IceCv)
  Psyche (D:12)
  3 torpor snails
  A gargoyle (D:14)
  Maggie (D:9)
  2 rime drakes
  7 cane toads
  5 centaur skeletons
  An efreet (D:14)
  A demonic crawler (Spider:2)
  7 yaktaurs
  3 kobold demonologists (D:13)
  11 komodo dragons
  3 trolls
  A tyrant leech (Lair:5)
  A hornet (D:14)
  18 polar bears
  2 jumping spiders (Spider:1)
  25 blink frogs
  A centaur simulacrum (D:14)
  12 redbacks
  12 slime creatures
  A shadow (D:12)
  9 wyverns
  A vampire (D:11)
  A spriggan (shapeshifter) (D:15)
  4 tarantellas
  87 yaks
  2 wraiths (D:14)
  4 basilisks
  2 fire elementals (D:12)
  A steam dragon (Lair:4)
  Menkaure (D:3)
  2 wargs
  5 swamp worms
  Edmund (D:6)
  An acid dragon (D:14)
  14 water moccasins
  3 hell hounds (D:12)
  A soldier ant (D:11)
  A black bear (Lair:6)
  4 ice beasts
  An ice beast (shapeshifter) (D:15)
  3 sky beasts
  26 orc warriors
  3 eyes of draining (D:14)
  3 phantoms
  9 ogres
  A necrophage (D:10)
  22 wolves
  17 centaurs
  4 lemures (D:6)
  3 big kobolds
  21 bullfrogs
  A wyvern zombie (D:12)
  2 gnoll sergeants (D:5)
  A water moccasin zombie (Ossuary)
  A wyvern skeleton (D:14)
  7 scorpions
  11 wights
  11 killer bees (D:8)
  12 howler monkeys
  3 electric eels
  5 lava snakes (Lair:3)
  A wyvern simulacrum (D:14)
  3 bullfrog zombies
  2 hounds
  19 orc wizards
  5 centaur zombies
  A gnoll shaman (D:5)
  12 orc priests
  9 jellies
  2 bullfrog skeletons
  Ijyb (D:5)
  Terence (D:2)
  4 iguanas
  14 worker ants
  A killer bee zombie (D:6)
  3 hound zombies (Ossuary)
  2 hound skeletons
  3 howler monkey zombies (Ossuary)
  14 mummies (Ossuary)
  4 worker ant zombies
  3 howler monkey skeletons
  15 gnolls
  15 adders
  2 shadow imps
  5 white imps
  An ufetubus (D:9)
  3 oozes (Lair:6)
  A worm zombie (D:5)
  6 adder zombies (Ossuary)
  2 worms
  3 dart slugs
  5 leopard geckos
  79 orcs
  2 ball pythons
  2 giant cockroaches (D:3)
  A gnoll zombie (D:5)
  9 goblins
  14 hobgoblins
  2 jackals (D:3)
  3 quokkas
  5 bats
  5 frilled lizards
  A giant cockroach zombie (Ossuary)
  A jackal zombie (Ossuary)
  17 kobolds
  3 quokka zombies
  3 rats (D:1)
  A rat zombie (D:5)
  A butterfly (Lair:4)
841 creatures vanquished.

Vanquished Creatures (collateral kills)
  Louise (D:15)
  An entropy weaver (Spider:1)
  Azrael (D:12)
  A yaktaur captain (D:15)
  2 vault guards (D:14)
  A hydra (Lair:3)
  A centaur warrior (Orc:2)
  A death yak (Lair:6)
  3 skeletal warriors (D:15)
  A wizard (D:15)
  A glowing orange brain (D:15)
  A harpy (shapeshifter) (D:15)
  2 lindwurms (Lair:6)
  A deep elf archer (D:15)
  3 orc knights (Orc:2)
  2 orc sorcerers
  A deep elf mage (D:14)
  A centaur zombie (D:15)
  2 centaur skeletons (D:14)
  A gargoyle (D:12)
  A komodo dragon (Lair:3)
  A fire elemental (D:12)
  A redback (Spider:1)
  2 vampire mosquitoes (D:15)
  2 wargs (Orc:2)
  An acid dragon (D:14)
  2 water moccasins
  14 orc warriors
  An ice beast (D:14)
  An ogre (D:14)
  10 centaurs (Orc:2)
  A bullfrog (D:15)
  4 wights
  An orc wizard (D:14)
  17 orcs
87 creatures vanquished.

Vanquished Creatures (others)
  A polar bear (IceCv)
  A bullfrog skeleton (D:12)
  An orc (Orc:2)
  24 fungi
  77 plants
  2 withered plants (Ossuary)
106 creatures vanquished.

Grand Total: 1034 creatures vanquished

Notes
Turn   | Place    | Note
-------+----------+-------------------------------------------
     0 | D:1      | Revguard the Deep Dwarf Fighter began the quest for the
                  | Orb.
     0 | D:1      | Reached XP level 1. HP: 20/20 MP: 1/1
    78 | D:1      | Reached XP level 2. HP: 20/27 MP: 2/2
   797 | D:2      | Reached XP level 3. HP: 20/34 MP: 3/3
   918 | D:2      | Noticed Terence
   937 | D:2      | Killed Terence
   938 | D:2      | Reached XP level 4. HP: 19/42 MP: 4/4
  1081 | D:2      | Found a glowing golden altar of the Shining One.
  1087 | D:2      | Became a worshipper of the Shining One
  1333 | D:2      | Gained mutation: You are dopey. (Int -2) [potion of
                  | mutation]
  1333 | D:2      | Gained mutation: Your muscles are strong. (Str +2) [potion
                  | of mutation]
  1333 | D:2      | Gained mutation: You have large cloven feet. [potion of
                  | mutation]
  1366 | D:3      | Found a blossoming altar of Fedhas.
  1423 | D:3      | Reached skill level 1 in Spellcasting
  1479 | D:3      | Found a transporter.
  1485 | D:3      | Noticed Menkaure
  1485 | D:3      | Found a basalt altar of Yredelemnul.
  1485 | D:3      | Found an ancient bone altar of Kikubaaqudgha.
  1487 | D:3      | Found a transporter.
  1493 | D:3      | Killed Menkaure
  1494 | D:3      | Reached skill level 1 in Invocations
  1494 | D:3      | Reached XP level 5. HP: 16/49 MP: 5/7
  1495 | D:3      | Reached skill level 1 in Dodging
  1495 | D:3      | Reached XP level 6. HP: 18/56 MP: 5/8
  1982 | D:4      | Found Cauwois's Assorted Antiques.
  1988 | D:4      | Found Lutaxt's Antique Armour Shoppe.
  2027 | D:4      | Reached * piety under the Shining One
  2178 | D:4      | Found a shimmering altar of Xom.
  2218 | D:4      | Found Tahiotwi's Book Shop.
  2336 | D:4      | Found Nymuuczo's General Store.
  2483 | D:4      | Found Firixink's Weapon Shop.
  2696 | D:4      | Bought a +0 tower shield of cold resistance for 161 gold
                  | pieces
  2976 | D:5      | Entered Level 5 of the Dungeon
  2979 | D:5      | Noticed Ijyb
  2990 | D:5      | Killed Ijyb
  2991 | D:5      | Reached skill level 5 in Axes
  3005 | D:5      | Found a sand-covered staircase.
  3043 | Ossuary  | Entered an ossuary
  3057 | Ossuary  | Reached skill level 1 in Evocations
  3063 | Ossuary  | Reached XP level 7. HP: 34/62 MP: 7/7
  3076 | Ossuary  | Reached ** piety under the Shining One
  3140 | Ossuary  | Reached *** piety under the Shining One
  3201 | Ossuary  | Lost mutation: You have large cloven feet. [potion of
                  | mutation]
  3201 | Ossuary  | Lost mutation: You are dopey. (Int -2) [potion of mutation]
  3201 | Ossuary  | Lost mutation: Your muscles are strong. (Str +2) [potion of
                  | mutation]
  3201 | Ossuary  | Gained mutation: You expend magic power (3 MP) to
                  | strengthen your wands. [potion of mutation]
  3201 | Ossuary  | Gained mutation: You passively map the area around you.
                  | [potion of mutation]
  3201 | Ossuary  | Gained mutation: Your system is resistant to poisons.
                  | (rPois) [potion of mutation]
  3201 | Ossuary  | Gained mutation: You are partially covered in molten
                  | scales. (AC +2) [potion of mutation]
  3324 | D:5      | Identified a scroll of acquirement
  3324 | D:5      | Acquired a +3 vorpal broad axe
  3357 | D:5      | Reached XP level 8. HP: 51/72 MP: 8/8
  3385 | D:5      | Found a transporter.
  3392 | D:5      | Identified the +1 scale mail of the Catfish {rF+}
  3395 | D:5      | Noticed ghwc's ghost (novice OpMo)
  3395 | D:5      | Reached **** piety under the Shining One
  3826 | D:5      | Found a transporter.
  4060 | D:5      | Killed ghwc's ghost
  4061 | D:5      | Reached skill level 5 in Shields
  4088 | D:5      | Reached skill level 5 in Armour
  4204 | D:6      | Reached skill level 5 in Invocations
  4206 | D:6      | Reached skill level 5 in Evocations
  4292 | D:6      | Mutation became permanent: You passively map a small area
                  | around you. [Deep Dwarf growth]
  4292 | D:6      | Gained mutation: You passively map the area around you.
                  | [Deep Dwarf growth]
  4292 | D:6      | Reached XP level 9. HP: 59/78 MP: 9/11
  4431 | D:6      | Noticed Edmund
  4452 | D:6      | Killed Edmund
  4546 | D:6      | Noticed Pikel
  4566 | D:6      | Killed Pikel
  4894 | D:7      | Found a staircase to the Ecumenical Temple.
  4982 | D:7      | Found a snail-covered altar of Cheibriados.
  5142 | D:7      | Found a glowing silver altar of Zin.
  5397 | D:7      | Reached skill level 5 in Fighting
  5397 | D:7      | Reached XP level 10. HP: 52/88 MP: 12/12
  5690 | D:8      | Noticed a two-headed ogre
  5698 | D:8      | Killed a two-headed ogre
  5699 | D:8      | Reached skill level 10 in Axes
  5938 | D:8      | Found a bloodstained altar of Trog.
  5966 | D:8      | Found a staircase to the Lair.
  5969 | D:8      | Reached ***** piety under the Shining One
  6014 | D:8      | Reached skill level 10 in Invocations
  6119 | D:8      | Reached XP level 11. HP: 32/96 MP: 12/12
  6536 | D:8      | Found a shimmering blue altar of Sif Muna.
  7076 | D:9      | Noticed Maggie
  7086 | D:9      | Killed Maggie
  7171 | D:9      | Noticed a centaur warrior
  7177 | D:9      | Killed a centaur warrior
  7320 | D:10     | Entered Level 10 of the Dungeon
  7986 | D:10     | Found a burning altar of Makhleb.
  7986 | D:10     | Noticed a green death
  8254 | D:11     | Noticed a green ugly thing
  8264 | D:11     | Killed a green ugly thing
  8680 | D:11     | You fall into a shaft and drop 3 floors!
  8683 | D:14     | Paralysed by a hornet for 2 turns
  8741 | D:14     | Noticed a centaur warrior
  8754 | D:14     | Killed a centaur warrior
  8755 | D:14     | Reached XP level 12. HP: 52/106 MP: 15/15
  8849 | D:14     | Reached skill level 10 in Evocations
  9067 | D:14     | Noticed a centaur warrior
  9076 | D:14     | Killed a centaur warrior
  9130 | D:14     | Noticed a four-headed hydra
  9145 | D:14     | Killed a six-headed hydra
  9159 | D:14     | Noticed a vault guard
  9163 | D:14     | Noticed a vault guard
  9163 | D:14     | Noticed a vault guard
  9174 | D:14     | Killed a vault guard
  9179 | D:14     | Killed a vault guard
  9184 | D:14     | Killed a vault guard
  9192 | D:14     | Noticed a vault guard
  9201 | D:14     | Killed a vault guard
  9213 | D:14     | Found a gate to the Vaults.
 10144 | D:15     | Entered Level 15 of the Dungeon
 10144 | D:15     | Noticed a centaur warrior
 10151 | D:15     | Killed a centaur warrior
 10159 | D:15     | Noticed a two-headed ogre
 10170 | D:15     | Killed a two-headed ogre
 10171 | D:15     | Reached skill level 10 in Shields
 10171 | D:15     | Reached XP level 13. HP: 72/117 MP: 1/15
 10194 | D:15     | Reached skill level 15 in Invocations
 10317 | D:15     | Noticed Louise
 10327 | D:15     | Killed Louise
 10473 | D:15     | Found a sparkling altar of Nemelex Xobeh.
 10643 | D:15     | Reached ****** piety under the Shining One
 10753 | D:15     | Found a staircase to the Depths.
 10753 | D:15     | Noticed a spark wasp
 10758 | D:15     | a spark wasp changed into a slime creature
 11248 | D:13     | Gained mutation: You resist negative energy. (rN+) [Deep
                  | Dwarf growth]
 11248 | D:13     | Reached XP level 14. HP: 115/129 MP: 15/15
 11982 | D:12     | Found a staircase to the Orcish Mines.
 12247 | D:12     | Noticed Psyche
 12256 | D:12     | Killed Psyche
 12306 | D:12     | Noticed Azrael
 12316 | D:12     | Killed Azrael
 12695 | D:12     | Acquired a manual of Fighting
 12709 | D:12     | Reached skill level 15 in Axes
 13010 | Orc:1    | Entered Level 1 of the Orcish Mines
 13404 | Orc:2    | Entered Level 2 of the Orcish Mines
 13410 | Orc:2    | Found Bistrivum's Gadget Shoppe.
 13410 | Orc:2    | Found Eta Uddo's Armour Shop.
 13410 | Orc:2    | Noticed an orc warlord
 13416 | Orc:2    | HP: 4/129 [orc warrior/+0 great mace (7)]
 13418 | Orc:2    | The Shining One protects you from harm!
 13423 | Orc:2    | Found Jiokogg's Jewellery Boutique.
 13425 | Orc:2    | Found Mylavoyte's Antique Weapon Emporium.
 13425 | Orc:2    | Found Rymackea's Assorted Antiques.
 13443 | Orc:2    | Found a staircase to the Elven Halls.
 13642 | Orc:2    | Found a frozen archway.
 13651 | IceCv    | Entered an ice cave
 13826 | IceCv    | Reached skill level 10 in Fighting
 14179 | IceCv    | Noticed a frost giant
 14196 | IceCv    | Killed a frost giant
 14794 | Orc:2    | Bought a box of beasts for 560 gold pieces
 14794 | Orc:2    | Bought a tin of tremorstones (2/2) for 560 gold pieces
 14797 | Orc:2    | Bought the amulet of Kipladi {Reflect rF+ Str+3 SH+5} for
                  | 855 gold pieces
 14857 | Orc:2    | Killed an orc warlord
 15327 | Lair:1   | Entered Level 1 of the Lair of Beasts
 16063 | Lair:1   | Identified the Volume of Air and Changing
 16099 | Lair:1   | Reached XP level 15. HP: 77/140 MP: 11/11
 17827 | Lair:4   | Identified the Volume of the Oath
 18010 | Lair:4   | Found a hole to the Spider Nest.
 18579 | Lair:4   | Found a staircase to the Swamp.
 18777 | Lair:5   | Found a dark tunnel.
 18785 | Volcano  | Entered a volcano
 18809 | Volcano  | Found a bloodstained altar of Trog.
 20053 | Orc:2    | Bought the ring of Cioq {rC+ Str+4 Slay+2} for 829 gold
                  | pieces
 20319 | Lair:6   | Entered Level 6 of the Lair of Beasts
 20340 | Lair:6   | Noticed Rupert
 20341 | Lair:6   | Paralysed by Rupert for 2 turns
 20358 | Lair:6   | Killed Rupert
 20460 | Lair:6   | Found a staircase to the Slime Pits.
 20671 | Lair:6   | Reached XP level 16. HP: 70/154 MP: 1/9
 20939 | Lair:6   | Found a basalt altar of Yredelemnul.
 21404 | Spider:1 | Entered Level 1 of the Spider Nest
 21413 | Spider:1 | Noticed Agnes
 21422 | Spider:1 | Killed Agnes
 21499 | Spider:1 | The Shining One protects you from harm!
 21938 | Spider:2 | HP: 1/157 [wolf spider (12)]
 21938 | Spider:2 | Slain by a jumping spider

Illustrated notes

Levels and vault maps discovered:
D:1:      minmay_arrival_glassed_features, layout_basic
D:2:      layout_basic, nicolae_tso_swordbearing_angel, uniq_terence
D:3:      layout_rooms, gammafunk_temple_of_torment, fedhas_ov_isle_minmay,
          kennysheep_another_room
D:4:      layout_loops_corners, lemuel_doored_altar,
          nicolae_overflow_hidden_temple, serial_shops, kennysheep_mini_moat,
          shop, nicolae_shop_waterfront, nicolae_shop_trees, shop,
          chequers_serial_rivers_large_a
D:5:      layout_basic, enter_ossuary_3, gammafunk_ghost_gnarly_gnolls,
          minmay_misc_feat_four_crosses, uniq_ijyb
D:6:      layout_basic, nrook_loot_triangle, uniq_edmund, uniq_pikel
D:7:      layout_basic, zin_statuary, minmay_temple_entry_stoned_glass,
          basic_altar, minivault_26, lemuel_another_geyser
D:8:      layout_loops_ring, lemuel_round_altar, minmay_lair_entry_grove,
          minmay_door_square, hex_large, trog_hazing_becter
D:9:      layout_basic, st_stairs_9, fountainhead, zaba_anthole, uniq_maggie
D:10:     layout_stronghold, makhleb_altar_promises_db
D:11:     layout_basic
D:12:     layout_roguey, hiddenorc1_lemuel, uniq_psyche, uniq_azrael
D:13:     layout_irregular_city
D:14:     layout_layer_cave, lightli_vaults_fourway_checkpoint,
          chequers_decorated_corner
D:15:     gammafunk_enter_depths_forms, layout_cross,
          chequers_serial_rivers_micro_b, chequers_serial_rivers_micro_e,
          minmay_ruined_shrine, uniq_louise
Lair:1:   layout_cave_pods, wad_woods_road_04, grunt_megastairs_5
Lair:2:   layout_chaotic_city, minmay_stone_trees_medium
Lair:3:   cheibrodos_magma_flow, layout_hall_layers, fungi_pond_lemuel
Lair:4:   layout_cave_shapes, nicolae_swamp_entry_splash_gauntlet,
          dummy_spider_entry, lemuel_fruit_fields, minmay_lair_oklob_chamber,
          infiniplex_staircase_pool
Lair:5:   layout_layer_cave, enter_volcano_1, worms_lemuel
Lair:6:   grunt_lair_end_beastmaster, layout_cave_pods,
          nicolae_slime_entry_slimehenge, lemuel_oklob_altar, uniq_rupert
Spider:1: layout_spider_delve, uniq_agnes
Spider:2: layout_spider_delve, guppyfry_spider_mini_1
Orc:1:    layout_diamond_mine
Orc:2:    st_orc_rangers, layout_caves, portal_ice_cave_entry_pillars_1,
          serial_shops, nicolae_shop_overgrown_old_shop

Skill      XL: |  1  2  3  4  5  6  7  8  9 10 11 12 13 14 15 16 |
---------------+-------------------------------------------------+-----
Fighting       | 3 4 5 6 7 9 10 12 13 | 13.2
Axes           | 3 4 5 6 7 9 11 12 13 14 15 16 17 | 17.0
Shields        | 4 5 6 7 8 10 12 13 | 13.5
Spellcasting   | 1 |  1.8
Armour         | 4 5 6 7 8 9 |  9.0
Invocations    | 1 2 3 5 8 10 12 14 16 17 | 17.7
Dodging        | 1 2 3 4 |  4.4
Evocations     | 1 2 5 6 8 9 11 12 13 14 | 14.3
Maces & Flails | |  0.7

Action                   |  1- 3 |  4- 6 |  7- 9 | 10-12 | 13-15 | 16-18 || total
-------------------------+-------+-------+-------+-------+-------+-------++-------
Melee: War axe           |   105 |   114 |   103 |       |       |       ||   322
       Kick              |       |    25 |    23 |       |       |       ||    48
       Broad axe         |       |       |   159 |   451 |   911 |    95 ||  1616
       Eveningstar       |       |       |       |       |     9 |       ||     9
Invok: Divine Shield     |       |       |     2 |     5 |     9 |       ||    16
       Cleansing Flame   |       |       |     1 |     5 |     6 |     1 ||    13
       Summon Divine War |       |       |       |     1 |     9 |     1 ||    11
 Abil: Heal Wounds       |       |     5 |     3 |    16 |    43 |     7 ||    74
       Evoke Flight      |       |       |       |     1 |       |       ||     1
Evoke: Wand              |       |       |       |     1 |     3 |       ||     4
       Phantom mirror    |       |       |       |     1 |     3 |       ||     4
       Box of beasts     |       |       |       |       |     1 |       ||     1
       Tin of tremorston |       |       |       |       |       |     2 ||     2
  Use: Scroll            |       |     9 |    16 |     8 |    13 |     2 ||    48
       Potion            |       |     4 |     5 |     4 |     6 |     1 ||    20
Armor: Scale mail        |    50 |    38 |    54 |       |       |       ||   142
       Chain mail        |       |       |    31 |   200 |   290 |    71 ||   592
Dodge: Dodged            |    34 |    35 |    50 |   116 |   173 |    33 ||   441
Block: Kite shield       |    67 |    48 |       |       |       |       ||   115
       Tower shield      |       |    22 |   260 |   596 |  1257 |   150 ||  2285
       Reflection        |       |       |       |       |    33 |     1 ||    34
